 Dungeon Crawl Stone Soup version 0.29-a0-397-g846e4a0bbc (webtiles) character file.

Game seed: 9071122154284999929

30 Bruhh the Digger (level 3, 0/19 HPs)
             Began as a Gargoyle Earth Elementalist on May 12, 2022.
             Slain by a quokka (3 damage)
             ... on level 1 of the Dungeon.
             The game lasted 00:01:36 (1103 turns).

Bruhh the Digger (Gargoyle Earth Elementalist)      Turns: 1103, Time: 00:01:37

Health: 0/19       AC:  5    Str: 11    XL:     3   Next: 18%
Magic:  6/6        EV: 11    Int: 17    God:
Gold:   39         SH:  0    Dex: 10    Spells: 5/6 levels left

rFire   . . .      SeeInvis .   (no weapon)
rCold   . . .      Faith    .   (no shield)
rNeg    + . .      Spirit   .   b - +0 robe
rPois   ∞          Reflect  .   (no helmet)
rElec   +          Harm     .   (no cloak)
rCorr   .          Rampage  .   (no gloves)
Will    .....                   (no boots)
Stlth   ++........              (no amulet)
HPRegen 0.06/turn               (no ring)
MPRegen 0.10/turn               (no ring)

@: very slightly contaminated
A: sickness immunity, AC +3, negative energy resistance 1, electricity
resistance, torment resistance 1, petrification resistance
a: no special abilities


You were on level 1 of the Dungeon.
You visited 1 branch of the dungeon, and saw 2 of its levels.

You collected 39 gold pieces.

Inventory:

Missiles
 a - 22 stones
Armour
 b - a +0 robe (worn)
Jewellery
 d - an amulet of reflection
 l - a ring of protection from fire
Scrolls
 f - 2 scrolls of identify {unknown}
 g - a scroll of enchant weapon {unknown}
 i - a scroll of poison {unknown}
Potions
 e - a potion of might {unknown}
 h - a potion of lignification {unknown}
 j - a potion of curing {unknown}
 k - 2 potions of mutation {unknown}


   Skills:
 - Level 1.5 Dodging
 - Level 2.1 Stealth
 - Level 2.0 Spellcasting
 - Level 0.7 Transmutations
 + Level 5.1 Earth Magic


You had 5 spell levels left.
You knew the following spells:

 Your Spells              Type           Power      Damage    Failure   Level
a - Sandblast             Erth           38%        2d10      2%          1

Your spell library contained the following spells:

 Spells                   Type           Power      Damage    Failure   Level
 Passwall                 Tmut/Erth      9%         N/A       9%          2
 Stone Arrow              Conj/Erth      20%        3d8       21%         3
 Petrify                  Tmut/Erth      11%        N/A       50%         4


Dungeon Overview and Level Annotations

Branches:
Dungeon (2/15)

Altars:

Shops:
D:1 [?![[


Innate Abilities, Weirdness & Mutations

You are immune to sickness and miasma.
Your stone body is resilient. (AC +3)
You are immune to poison.
You resist negative energy. (rN+)
You are resistant to electric shocks. (rElec)
You are resistant to unholy torment.
You are immune to petrification.


Message History

You climb upwards.
There is a stone staircase leading down here.
You barely miss the quokka. The quokka misses you.
The quokka bites you but does no damage.
You barely miss the quokka. The quokka closely misses you.
Your magical contamination has completely faded away.
You closely miss the quokka. The quokka barely misses you.
You miss the quokka. The quokka bites you.
You are too injured to fight recklessly!
Casting: Sandblast (safe; 2% risk of failure)
Confirm with . or Enter, or press ? or * to list all spells.
Aiming: Sandblast (safe; 2% risk of failure)
Press: ? - help, Shift-Dir - straight line, f - quokka
Aim: a quokka (71% to hit)
You miscast Sandblast.
You are very lightly contaminated with residual magic.
Nothing appears to happen.
The quokka bites you.
* * * LOW HITPOINT WARNING * * *
Casting: Sandblast (safe; 2% risk of failure)
Confirm with . or Enter, or press ? or * to list all spells.
Aiming: Sandblast (safe; 2% risk of failure)
Press: ? - help, Shift-Dir - straight line, f/p - quokka
Aim: a quokka (71% to hit)
The blast of sand hits the quokka.
The quokka is severely wounded.
The quokka twitches its whiskers.
The quokka bites you but does no damage.
The quokka bites you.
* * * LOW HITPOINT WARNING * * *
Casting: Sandblast (safe; 2% risk of failure)
Confirm with . or Enter, or press ? or * to list all spells.
Aiming: Sandblast (safe; 2% risk of failure)
Press: ? - help, Shift-Dir - straight line, f/p - quokka
Aim: a quokka (severely wounded, 71% to hit)
The blast of sand hits the quokka but does no damage.
The quokka is severely wounded.
The quokka bites you but does no damage.
Unknown command.
Magic courses through your body. The quokka bites you.
You die...

###...#
##.......#####).###.#.#
###.#.#
##.................#.#
......#
##...#.#####.#..###.#
###.### ##+##.#
#.#..###.# #.# #.##.#
###.....)..# #.########
#.##.# #......######
#........###.##.#
#.###.##.....
########.##...#.# #.#
#.##.#...
#.#....@.###.###....###.
#.##..r#........>#..#...
#.###.######.######.#.#.
#.###.######.## #.#...
#.............# #.###P
#####.######.## #.#..P
####### #.# ### #.###.
......# #.# #.#...
.####.# #.# #.#P#P


You could see a quokka.

Vanquished Creatures
  An adder (D:2)
  A dart slug (D:1)
  A ball python (D:1)
  2 bats (D:1)
  2 giant cockroaches (D:1)
  3 goblins (D:1)
  3 hobgoblins (D:1)
  2 kobolds (D:1)
  2 rats (D:1)
17 creatures vanquished.

Notes
Turn   | Place    | Note
-------+----------+-------------------------------------------
     0 | D:1      | Bruhh the Gargoyle Earth Elementalist began the quest for
                  | the Orb.
     0 | D:1      | Reached XP level 1. HP: 10/10 MP: 3/3
    72 | D:1      | Found Loyhilish's Magic Scroll Emporium.
    86 | D:1      | Reached skill level 4 in Earth Magic
   130 | D:1      | Found Quklewn's Antique Armour Emporium.
   145 | D:1      | Found Borejaf's Distillery.
   160 | D:1      | Reached XP level 2. HP: 8/15 MP: 3/5
   361 | D:1      | Found Kearuef's Armour Shoppe.
   727 | D:1      | Found Lyisuoso's Armour Shop.
   873 | D:1      | Found a faded altar of an unknown god.
  1094 | D:2      | Reached skill level 5 in Earth Magic
  1094 | D:2      | Reached XP level 3. HP: 14/19 MP: 2/6
  1103 | D:1      | Slain by a quokka

Illustrated notes

Levels and vault maps discovered:
D:1:      wheals_arrival_shading, layout_loops_corners,
          shapermc_ecumenical_altar_mp_urbaneastern, serial_shops,
          nicolae_shop_advertising_works [nicolae_subvault_shop_adworks], shop,
          nicolae_shop_window_shopping, shop, shop,
          corexii_item_surrounded_by_moat
D:2:      minmay_alternating_diamond, layout_rooms, uniq_sigmund

Skill      XL: |  1  2 |
---------------+-------+-----
Earth Magic    | 4 5 |  5.1
Dodging        | |  1.5
Stealth        | |  2.1
Spellcasting   | |  2.0
Transmutations | |  0.7

Action                   || total
-------------------------++-------
Melee: Unarmed           ||    36
 Cast: Sandblast         ||    22
  Use: Potion            ||     1
Armor: Robe              ||    22
Dodge: Dodged            ||    40

Table legend: (Time is in decaauts)
 A = Elapsed time spent in this place.
 B = Non-inter-level travel time spent in this place.
 C = Inter-level travel time spent in this place.
 D = Time resting spent in this place.
 E = Time spent auto-exploring this place.
 F = Levels seen in this place.
 G = Mean time per level.
                   A        B        C        D        E       F      G
               +--------+--------+--------+--------+--------+-----+--------+
         Total |   1103 |   1080 |     23 |      0 |    954 |   2 |  551.5 |
       Dungeon |   1103 |   1080 |     23 |      0 |    954 |   2 |  551.5 |
               +--------+--------+--------+--------+--------+-----+--------+

Top non-repeatable levels by time:
     D:1: 1098 daAuts
     D:2: 4 daAuts
